 Dungeon Crawl Stone Soup version 0.26-a0-664-gc8b27b8fc1 (webtiles) character file.

Game seed: 7683536314467830955

4 Decritt the Firebug (level 1, -2/14 HPs)
             Began as a Draconian Fire Elementalist on Oct 13, 2020.
             Killed from afar by a dart slug (4 damage)
             ... with a slug dart
             ... on level 1 of the Dungeon.
             The game lasted 00:00:45 (70 turns).

Decritt the Firebug (Draconian Fire Elementalist)     Turns: 70, Time: 00:00:46

Health: -2/14      AC:  4    Str: 10    XL:     1   Next: 58%
Magic:  0/3        EV: 12    Int: 15    God:
Gold:   19         SH:  0    Dex: 11    Spells: 3/4 levels left

rFire    . . .     SeeInvis .   (no weapon)
rCold    . . .     Faith    .   (no shield)
rNeg     . . .     Spirit   .   (armour unavailable)
rPois    .         Reflect  .   (helmet restricted)
rElec    .         Harm     .   (no cloak)
rCorr    .         Rampage  .   (no gloves)
MR       .....                  (no boots)
Stlth    ++........             (no amulet)
HPRegen  0.04/turn              (no ring)
MPRegen  0.08/turn              (no ring)

@: no status effects
A: unfitting armour, cold-blooded, AC +4
a: no special abilities


You were on level 1 of the Dungeon.
You visited 1 branch of the dungeon, and saw 1 of its levels.

You collected 19 gold pieces.

Inventory:

Potions
 a - a potion of haste {unknown}


   Skills:
 - Level 1.7 Dodging
 - Level 1.7 Stealth
 + Level 2.1 Spellcasting
 + Level 1.1 Conjurations
 * Level 3.1 Fire Magic


You had 3 spell levels left.
You knew the following spells:

 Your Spells              Type           Power        Failure   Level
a - Foxfire               Conj/Fire      #...         9%          1

Your spell library contained the following spells:

 Spells                   Type           Power        Failure   Level
 Conjure Flame            Conj/Fire      #.......     26%         3
 Inner Flame              Hex/Fire       #.......     34%         3
 Sticky Flame             Conj/Fire      #.......     65%         4
 Fireball                 Conj/Fire      #.........   94%         5


Dungeon Overview and Level Annotations

Branches:
Dungeon (1/15)

Altars:


Innate Abilities, Weirdness & Mutations

Your plain brown scales are hard. (AC +4)
You cannot fit into any form of body armour.
You are cold-blooded and may be slowed by cold attacks.


Message History

The dart slug launches a dart at you.
The slug dart hits you but does no damage.
Casting: Foxfire (safe; 9% risk of failure)
Confirm with . or Enter, or press ? or * to list all spells.
You miscast Foxfire.
You are very lightly contaminated with residual magic.
Nothing appears to happen.
The dart slug launches a dart at you. The slug dart hits you.
* * * LOW HITPOINT WARNING * * *
The dart slug launches a dart at you. The slug dart hits you.
* * * LOW HITPOINT WARNING * * *
The dart slug launches a dart at you. The slug dart hits you.
* * * LOW HITPOINT WARNING * * *
Your magical contamination has completely faded away.
The dart slug launches a dart at you. The slug dart hits you.
You die...

### #.. #.# ### #.# ..#
#.# #.# #.# #.#
#######.##########.#####
.......@.....w..........
...############.##.#####
######.#....
#......###### #
#...#.#..(..... #
#(#####∩##...####
...#∩#......###.#
..............# .#
...............# .#


You could see a dart slug.

Vanquished Creatures
  An ooze (D:1)
1 creature vanquished.

Vanquished Creatures (others)
  3 foxfires (D:1)
3 creatures vanquished.

Grand Total: 4 creatures vanquished

Notes
Turn   | Place    | Note
-------+----------+-------------------------------------------
     0 | D:1      | Decritt the Draconian Fire Elementalist began the quest for
                  | the Orb.
     0 | D:1      | Reached XP level 1. HP: 14/14 MP: 3/3
    70 | D:1      | Killed from afar by a dart slug

Illustrated notes

Levels and vault maps discovered:
D:1:      nzn_arrival_settlement, layout_basic

Action                   || total
-------------------------++-------
Melee: Unarmed           ||     6
 Cast: Foxfire           ||     5
Armor: Skin              ||     6
Dodge: Dodged            ||     6

Table legend: (Time is in decaauts)
 A = Elapsed time spent in this place.
 B = Non-inter-level travel time spent in this place.
 C = Inter-level travel time spent in this place.
 D = Time resting spent in this place.
 E = Time spent auto-exploring this place.
 F = Levels seen in this place.
 G = Mean time per level.
                   A        B        C        D        E       F      G
               +--------+--------+--------+--------+--------+-----+--------+
         Total |     70 |     70 |      0 |      0 |     22 |   1 |   70.0 |
       Dungeon |     70 |     70 |      0 |      0 |     22 |   1 |   70.0 |
               +--------+--------+--------+--------+--------+-----+--------+

Top non-repeatable levels by time:
     D:1: 70 daAuts
